Map: Orbital Shipyard

Players

PartinG - Winner!

  • Race: Protoss Protoss
  • League: Diamond

MCanning

  • Race: Protoss Protoss
  • League: Grandmaster

VOD

http://www.twitch.tv/mcanning/v/33303055?t=12m58s

Description

Time

  • Played on: Jan. 2, 2016, 10:59 p.m.
  • Length: 8:02
Show
View Real Time Build Order
Export as new Build Order

PartinG Protoss - Winner!

Build Orders: Nexus First, Blink Stalkers 

Get SALT Encoding   

  12  0:01  Probe (Chrono Boost)  
  13  0:12  Probe (Chrono Boost)  
  14  0:17  Pylon  
  14  0:22  Probe (Chrono Boost)  
  16  0:35  Probe (Chrono Boost)  
  16  0:46  Probe (Chrono Boost)  
  17  0:58  Nexus  
  17  1:08  Gateway  
  17  1:11  Probe (Chrono Boost)  
  18  1:16  Assimilator  
  18  1:21  Probe (Chrono Boost)  
  18  1:25  Assimilator  
  19  1:32  Probe (Chrono Boost)  
  20  1:42  Probe (Chrono Boost)  
  21  1:53  Probe (Chrono Boost)  
  22  1:56  Cybernetics Core  
  22  2:03  Probe (Chrono Boost)  
  23  2:11  Probe (Chrono Boost)  
  23  2:14  Probe (Chrono Boost)  
  25  2:17  Pylon  
  25  2:21  Probe (Chrono Boost)  
  26  2:24  Probe (Chrono Boost)  
  27  2:32  Stalker, Probe (Chrono Boost)  
  27  2:33  Warp Gate  
  27  2:35  Probe (Chrono Boost)  
  31  2:41  Twilight Council  
  31  2:42  Probe (Chrono Boost)  
  32  2:45  Probe (Chrono Boost)  
  33  2:53  Probe (Chrono Boost)  
  33  2:56  Mothership Core (Chrono Boost)  
  36  3:02  Stalker  
  38  3:06  Probe (Chrono Boost)  
  38  3:10  Pylon  
  39  3:15  Probe (Chrono Boost)  
  39  3:16  Probe (Chrono Boost)  
  41  3:23  Blink (Chrono Boost)  
  41  3:25  Probe (Chrono Boost)  
  41  3:26  Gateway  
  43  3:27  Probe (Chrono Boost)  
  43  3:32  Stalker  
  45  3:36  Pylon  
  45  3:39  Probe x2 (Chrono Boost)  
  47  3:45  Gateway  
  47  3:50  Probe x2 (Chrono Boost)  
  47  3:54  Robotics Facility  
  49  3:58  Assimilator  
  49  3:59  Assimilator  
  49  4:00  Pylon  
  49  4:06  Probe (Chrono Boost), Pylon  
  49  4:07  Probe (Chrono Boost)  
  51  4:13  Pylon  
  51  4:16  Probe  
  51  4:19  Probe  
  53  4:30  Nexus  
  53  4:32  Pylon  
  53  4:33  Probe  
  53  4:35  Probe  
  55  4:45  Stalker x2, Pylon  
  59  4:48  Observer  
  59  4:50  Stalker  
  62  4:59  Gateway  
  62  5:08  Gateway  
  62  5:09  Gateway, Warp Prism (Chrono Boost)  
  64  5:14  Probe  
  64  5:15  Probe  
  64  5:17  Stalker  
  64  5:20  Stalker  
  70  5:25  Stalker  
  70  5:26  Probe  
  73  5:29  Probe  
  74  5:41  Gateway x2, Probe  
  74  5:46  Observer (Chrono Boost)  
  74  5:47  Stalker x2  
  80  5:51  Stalker  
  80  5:54  Probe  
  80  5:55  Probe x2  
  85  6:06  Stalker x3  
  85  6:10  Observer (Chrono Boost)  
  90  6:27  Stalker x3  
  94  6:39  Stalker x5, Probe  
  100  6:40  Probe x2  
  103  6:49  Robotics Bay  
  103  6:50  Stalker x3  
  109  7:01  Pylon x2  
  109  7:02  Probe  
  109  7:03  Probe, Pylon  
  109  7:05  Probe  
  102  7:15  Stalker x6  
  109  7:17  Probe  
  109  7:19  Probe  
  109  7:20  Probe  
  112  7:27  Stalker x2  
  116  7:33  Probe  
  116  7:34  Probe x2, Assimilator  
  116  7:36  Assimilator  
  119  7:42  Adept  
  119  7:43  Adept x3  
  127  7:45  Stalker  
  127  7:46  Stalker  
Show
View Real Time Build Order
Export as new Build Order

MCanning Protoss 

Build Orders: Nexus First, Blink Stalkers 

Get SALT Encoding   

  12  0:01  Probe (Chrono Boost)  
  13  0:12  Probe (Chrono Boost)  
  14  0:24  Probe (Chrono Boost), Pylon  
  15  0:42  Probe (Chrono Boost)  
  16  0:52  Probe (Chrono Boost)  
  17  0:59  Nexus  
  18  1:08  Gateway  
  17  1:11  Probe (Chrono Boost)  
  17  1:18  Assimilator  
  18  1:22  Probe (Chrono Boost)  
  18  1:24  Assimilator  
  20  1:32  Probe (Chrono Boost)  
  20  1:41  Gateway  
  20  1:43  Probe (Chrono Boost)  
  21  1:54  Probe (Chrono Boost)  
  22  1:58  Cybernetics Core  
  22  2:04  Probe (Chrono Boost)  
  23  2:13  Probe (Chrono Boost)  
  23  2:15  Probe (Chrono Boost)  
  25  2:24  Probe (Chrono Boost)  
  25  2:25  Probe (Chrono Boost)  
  27  2:34  Probe (Chrono Boost), Adept x2 (Chrono Boost)  
  27  2:35  Probe (Chrono Boost)  
  33  2:44  Warp Gate  
  33  2:48  Mothership Core (Chrono Boost)  
  33  2:50  Pylon  
  35  2:53  Probe (Chrono Boost)  
  36  3:05  Probe (Chrono Boost)  
  37  3:07  Probe (Chrono Boost)  
  37  3:09  Pylon  
  38  3:15  Probe (Chrono Boost)  
  38  3:16  Twilight Council  
  38  3:18  Probe (Chrono Boost)  
  40  3:24  Sentry  
  40  3:26  Probe (Chrono Boost)  
  43  3:29  Probe (Chrono Boost)  
  43  3:30  Stalker  
  46  3:36  Probe (Chrono Boost)  
  46  3:39  Probe (Chrono Boost)  
  48  3:47  Probe (Chrono Boost)  
  49  3:48  Blink (Chrono Boost)  
  49  3:49  Probe (Chrono Boost)  
  49  3:51  Pylon  
  48  3:58  Assimilator  
  48  4:03  Assimilator  
  48  4:08  Robotics Facility  
  48  4:11  Probe  
  48  4:12  Probe  
  48  4:16  Gateway  
  50  4:18  Gateway  
  50  4:19  Pylon  
  50  4:22  Probe  
  51  4:24  Probe, Pylon  
  52  4:33  Probe  
  53  4:40  Gateway  
  53  4:42  Gateway  
  53  4:44  Gateway  
  53  4:46  Probe  
  54  5:00  Nexus  
  54  5:01  Pylon  
  54  5:02  Observer (Chrono Boost)  
  54  5:04  Pylon  
  54  5:05  Probe  
  54  5:10  Forge  
  54  5:12  Probe  
  55  5:15  Stalker  
  55  5:17  Probe  
  58  5:24  Probe  
  58  5:25  Observer (Chrono Boost)  
  60  5:30  Probe  
  60  5:31  Stalker x3  
  67  5:36  Probe  
  67  5:39  Immortal (Chrono Boost)  
  67  5:42  Probe  
  69  5:44  Protoss Ground Weapons Level 1 (Chrono Boost)  
  69  5:48  Probe  
  74  5:54  Probe  
  75  6:00  Probe  
  76  6:06  Probe  
  77  6:12  Probe, Immortal, Gateway  
  77  6:13  Gateway  
  81  6:20  Stalker x3  
  81  6:38  Stalker x3  
  81  6:47  Immortal  
  81  6:50  Stalker x4  
  84  7:06  Stalker  
  76  7:19  Pylon x2  
  76  7:20  Dark Shrine  
  76  7:23  Pylon  
  76  7:38  Stalker  
  76  7:39  Stalker x5  
  92  7:53  Stalker x2  
  92  7:54  Stalker  
Tags
 
Add a new tag
Caveats
  • Supply blocks, unpowered buildings, or Contaminate may cause inaccurate times.
  • Supply counts are checked every 10 seconds.